 Dungeon Crawl Stone Soup version 0.28-a0-984-g3775c662fe (webtiles) character file.

Game seed: 12004720179766207393

517 derath95 the Digger (level 7, -4/36 HPs)
             Began as a Gargoyle Earth Elementalist on Dec 3, 2021.
             Slain by an iguana (11 damage)
             ... on level 4 of the Dungeon.
             The game lasted 00:13:59 (3791 turns).

derath95 the Digger (Gargoyle Earth Elementalist)   Turns: 3791, Time: 00:13:59

Health: -4/36      AC:  6    Str: 12    XL:     7   Next: 20%
Magic:  12/14      EV: 11    Int: 17    God:
Gold:   238        SH:  0    Dex: 10    Spells: 10/16 levels left

rFire   . . .      SeeInvis .   a - +0 short sword
rCold   . . .      Faith    .   (no shield)
rNeg    + . .      Spirit   .   b - +0 robe
rPois   ∞          Reflect  .   (no helmet)
rElec   +          Harm     .   (no cloak)
rCorr   .          Rampage  .   (no gloves)
Will    .....                   (no boots)
Stlth   ++........              (no amulet)
HPRegen 0.12/turn               (no ring)
MPRegen 0.14/turn               (no ring)

@: no status effects
A: sickness immunity, AC +4, negative energy resistance 1, electricity
resistance, torment resistance 1, petrification resistance
a: no special abilities


You were on level 4 of the Dungeon.
You visited 1 branch of the dungeon, and saw 4 of its levels.

You collected 238 gold pieces.

Inventory:

Hand Weapons
 a - a +0 short sword (weapon)
Missiles
 c - 14 stones
Armour
 b - a +0 robe (worn)
Wands
 o - a wand of digging (5)
Scrolls
 e - 4 scrolls of identify {unknown}
 f - a scroll of noise {unknown}
 l - a scroll of immolation {unknown}
 m - a scroll of teleportation {unknown}
 n - a scroll of fear {unknown}
 p - a scroll of silence {unknown}
Potions
 d - a potion of lignification {unknown}
 g - a potion of resistance {unknown}
 h - a potion of degeneration {unknown}
 i - 3 potions of heal wounds {unknown}
 j - a potion of ambrosia {unknown}
 k - a potion of curing {unknown}


   Skills:
 + Level 0.0 Fighting
 + Level 0.0 Armour
 + Level 1.5 Dodging
 - Level 2.1 Stealth
 + Level 5.1 Spellcasting
 - Level 0.7 Transmutations
 + Level 7.2 Earth Magic
 + Level 0.0 Evocations


You had 10 spell levels left.
You knew the following spells:

 Your Spells              Type           Power      Damage    Failure   Level
a - Sandblast             Erth           58%        2d13      1%          1
b - Passwall              Tmut/Erth      14%        N/A       4%          2
c - Stone Arrow           Conj/Erth      32%        3d9       10%         3

Your spell library contained the following spells:

 Spells                   Type           Power      Damage    Failure   Level
 Petrify                  Tmut/Erth      17%        N/A       26%         4
 Dazzling Flash           Conj/Hex       8%         N/A       38%         3
 Gell's Gravitas          Tloc           4%         N/A       38%         3
 Lesser Beckoning         Tloc           4%         N/A       38%         3
 Teleport Other           Tloc           4%         N/A       38%         3
 Iskenderun's Mystic Bla  Conj/Tloc      4%         2d3       80%         4
 Starburst                Conj/Fire      2%         6d3       100%        6


Dungeon Overview and Level Annotations

Branches:
Dungeon (4/15)
 Temple: D:4-7

Altars:
Uskayaw
The Shining One

Shops:
D:4 *(


Innate Abilities, Weirdness & Mutations

You are immune to sickness and miasma.
Your stone body is resilient. (AC +4)
You are immune to poison.
You resist negative energy. (rN+)
You are resistant to electric shocks. (rElec)
You are resistant to unholy torment.
You are immune to petrification.


Message History

There is an open door here.
p - a scroll labelled IMNEGISARE An iguana comes into view.
The iguana hisses angrily.
You see here 11 stones.
c - 16 stones (gained 11)
You hit the iguana but do no damage.
The iguana bites you but does no damage.
You hit the iguana but do no damage. The iguana closely misses you.
You hit the iguana.
The iguana is lightly wounded.
The iguana bites you!
You barely miss the iguana.
The iguana is lightly wounded.
The iguana misses you.
You closely miss the iguana.
The iguana is lightly wounded.
The iguana closely misses you.
You closely miss the iguana.
The iguana is lightly wounded.
The iguana bites you!
You hit the iguana but do no damage.
The iguana is lightly wounded.
The iguana bites you. The iguana bites you!
* * * LOW HITPOINT WARNING * * *
Casting: Sandblast (safe; 1% risk of failure)
Confirm with . or Enter, or press ? or * to list all spells.
Aiming: Sandblast (safe; 1% risk of failure)
Press: ? - help, Shift-Dir - straight line, f - iguana
Aim: an iguana (lightly wounded, 83% to hit)
The blast of sand hits the iguana.
The iguana is moderately wounded.
The iguana misses you.
Casting: Sandblast (safe; 1% risk of failure)
Confirm with . or Enter, or press ? or * to list all spells.
Aiming: Sandblast (safe; 1% risk of failure)
Press: ? - help, Shift-Dir - straight line, f/p - iguana
Aim: an iguana (moderately wounded, 83% to hit)
The blast of sand misses the iguana.
The iguana bites you!
You die...

#......#....)......#....
#......#+##..#######....
####......#..##..####+#.
#......#...........'.
#......#...........#.
#......#...........#.
#......#+###..##...#.
#......# #..#######
#...@..# +.... #.
###.l..# #....# #.
#....# ##..## #. #....#
#. #....# #. #....# #.
#....# #. #....# #. ##


You could see an iguana.

Vanquished Creatures
  Eustachio (D:4)
  A sky beast (D:4)
  An ogre (D:4)
  A necrophage (D:4)
  4 adders
  5 worms (D:2)
  3 dart slugs
  3 ball pythons
  5 endoplasms
  5 giant cockroaches
  4 goblins
  4 hobgoblins
  10 kobolds
  A quokka (D:2)
  5 bats
  5 frilled lizards
  4 rats
62 creatures vanquished.

Vanquished Creatures (others)
  A plant (D:1)
1 creature vanquished.

Grand Total: 63 creatures vanquished

Notes
Turn   | Place    | Note
-------+----------+-------------------------------------------
     0 | D:1      | derath95 the Gargoyle Earth Elementalist began the quest
                  | for the Orb.
     0 | D:1      | Reached XP level 1. HP: 10/10 MP: 3/3
   417 | D:1      | Reached XP level 2. HP: 15/15 MP: 3/5
   451 | D:1      | Reached skill level 4 in Earth Magic
   492 | D:1      | Found a faded altar of an unknown god.
  1294 | D:2      | Reached XP level 3. HP: 19/19 MP: 1/6
  1677 | D:2      | Reached XP level 4. HP: 24/24 MP: 3/8
  1757 | D:2      | Found a hide-covered altar of Uskayaw.
  2334 | D:2      | Reached skill level 5 in Earth Magic
  3185 | D:4      | Noticed a sky beast
  3192 | D:4      | Killed a sky beast
  3193 | D:4      | Reached XP level 5. HP: 28/28 MP: 4/10
  3249 | D:4      | Noticed Eustachio
  3259 | D:4      | Killed Eustachio
  3260 | D:4      | Reached skill level 6 in Earth Magic
  3260 | D:4      | Reached XP level 6. HP: 30/32 MP: 5/12
  3321 | D:4      | Found Zucwain's Serpentskin Sales.
  3433 | D:4      | Found Rykhog's Antique Weapon Shop.
  3449 | D:4      | Found a glowing golden altar of the Shining One.
  3510 | D:4      | Noticed a necrophage
  3519 | D:4      | Killed a necrophage
  3650 | D:4      | Reached XP level 7. HP: 34/36 MP: 14/14
  3656 | D:4      | Reached skill level 5 in Spellcasting
  3656 | D:4      | Reached skill level 7 in Earth Magic
  3660 | D:4      | Learned a level 2 spell: Passwall
  3664 | D:4      | Learned a level 3 spell: Stone Arrow
  3791 | D:4      | Slain by an iguana

Illustrated notes

Levels and vault maps discovered:
D:1:      ncdulo_lavacross, layout_basic, shapermc_ecumenical_altar_acropolis,
          minmay_misc_feat_rows, chequers_mini_garden
D:2:      layout_basic, basic_altar, minmay_misc_feat_x, nicolae_wormholes
D:3:      layout_loops_ring
D:4:      layout_gridville, mainiacjoe_overflow_six_doors_small,
          yredelemnul_altar_generic, serial_shops, shop,
          kennysheep_small_spiral, grunt_decor_resistance, guppyfry_shop_venom,
          uniq_eustachio

Skill      XL: |  1  2  3  4  5  6  7 |
---------------+----------------------+-----
Earth Magic    | 4 5 6 7 |  7.2
Spellcasting   | 3 4 5 |  5.1
Dodging        | |  1.5
Stealth        | |  2.1
Transmutations | |  0.7

Action                   |  1- 3 |  4- 6 |  7- 9 || total
-------------------------+-------+-------+-------++-------
Melee: Unarmed           |     7 |       |       ||     7
       Short sword       |    42 |    59 |     7 ||   108
 Cast: Sandblast         |    36 |    37 |     6 ||    79
 Stab: Sleeping          |       |     1 |       ||     1
Armor: Robe              |    26 |    27 |     1 ||    54
Dodge: Dodged            |    28 |    38 |     4 ||    70

Table legend: (Time is in decaauts)
 A = Elapsed time spent in this place.
 B = Non-inter-level travel time spent in this place.
 C = Inter-level travel time spent in this place.
 D = Time resting spent in this place.
 E = Time spent auto-exploring this place.
 F = Levels seen in this place.
 G = Mean time per level.
                   A        B        C        D        E       F      G
               +--------+--------+--------+--------+--------+-----+--------+
         Total |   3801 |   3767 |     34 |      0 |   3113 |   4 |  950.2 |
       Dungeon |   3801 |   3767 |     34 |      0 |   3113 |   4 |  950.2 |
               +--------+--------+--------+--------+--------+-----+--------+

Top non-repeatable levels by time:
     D:2: 1278 daAuts
     D:1: 1227 daAuts
     D:3: 668 daAuts
     D:4: 627 daAuts
